 Dungeon Crawl Stone Soup version 0.32-a0-630-g46d191b (webtiles) character file.

Game seed: 3991188223169603546

10966 RESIDENTGAMER the Cleaver (level 11, -9/97 HPs)
             Began as a Mountain Dwarf Fighter on Mar 6, 2024.
             Was a High Priest of Trog.
             Killed from afar by a deep elf zephyrmancer (21 damage)
             ... with a bolt of lightning
             ... on level 11 of the Dungeon.
             The game lasted 01:40:46 (8346 turns).

RESIDENTGAMER the Cleaver (Mountain Dwarf Fighter)  Turns: 8346, Time: 01:40:46

Health: -9/97      AC: 12    Str: 23    XL:     11   Next: 43%
Magic:  12/12      EV: 15    Int:  7    God:    Trog [*****.]
Gold:   577        SH:  8    Dex: 19    Spells: 10/10 levels left

rFire   . . .        K - +2 war axe (drain)
rCold   + . .        c - +2 buckler
rNeg    . . .        b - +1 chain mail
rPois   .            (helmet currently unavailable)
rElec   .            (cloak currently unavailable)
rCorr   .            (gloves currently unavailable)
SInv    .            (boots currently unavailable)
Will    +....        g - amulet of regeneration Stlth
                     D - +6 ring of dexterity
HPRegen 1.16/turn    I - +5 ring of evasion
MPRegen 0.13/turn

%: no passive effects
@: beast-form, studying Fighting
A: beast (slay +2), runic magic, artefact enchanting, agile 1, cold resistance
1, high MP 1
a: Begin Untransformation, Renounce Religion, Berserk, Trog's Hand, Brothers in
Arms


You were on level 11 of the Dungeon.
You worshipped Trog.
Trog was extremely pleased with you.
You were a hulking beast.
You visited 2 branches of the dungeon, and saw 12 of its levels.
You also visited: Ossuary and Bailey.

You collected 599 gold pieces.
You spent 22 gold pieces at shops.

Inventory:

Hand Weapons
 a - a +0 war axe of protection
 u - a +0 orcbow
 v - a +0 orcbow
 A - a +1 whip of draining
 B - a +2 trident
 C - a +5 hand axe
 F - a +1 battleaxe
 K - a +2 war axe of draining (weapon)
 O - a +4 great sword
 Q - a +2 flail of holy wrath
 R - a +1 heavy triple sword
Missiles
 h - 58 stones (quivered)
 k - 11 poisoned darts
Armour
 b - a +1 chain mail (worn)
 c - a +2 buckler (worn)
 w - a +0 robe
 x - +0 steam dragon scales
 G - the +0 leather armour of Xuylor {Int+4}
   (You found it on level 8 of the Dungeon)

   Int+4:     It affects your intelligence (+4).
 J - +0 steam dragon scales
 M - an orb of light
Jewellery
 g - an amulet of regeneration (around neck)
 D - a +6 ring of dexterity (left hand)
 I - a +5 ring of evasion (right hand)
Talismans
 j - a beast talisman (active)
 n - a blade talisman
Wands
 d - a wand of charming (14)
 y - a wand of warping (4)
 z - a wand of flame (44)
Scrolls
 f - 3 scrolls of blinking
 i - 2 scrolls of amnesia
 l - 2 scrolls of poison
 q - 4 scrolls of teleportation
 s - 3 scrolls of fear
 L - a scroll of silence
 N - a scroll of identify
 P - a scroll of vulnerability
Potions
 e - 4 potions of enlightenment
 m - 2 potions of might
 o - 4 potions of brilliance
 p - a potion of attraction
 r - 2 potions of lignification
 t - a potion of magic
 H - a potion of degeneration
 S - a potion of curing
Miscellaneous
 E - a condenser vane


   Skills:
 + Level 9.2 Fighting
 + Level 14.3 Axes
 + Level 8.6 Armour
 + Level 3.0 Dodging
 + Level 0.8 Stealth
 + Level 6.2 Shields
 + Level 1.4 Evocations
 + Level 4.5 Shapeshifting


You had 10 spell levels left.
You didn't know any spells.
Your spell library contained the following spells:

 Spells                   Type           Power      Damage    Failure   Level
 Freeze                   Ice            0%         1d3       63%         1
 Scorch                   Fire           0%         2d5       77%         2
 Frozen Ramparts          Ice            0%         1d1       94%         3
 Hailstorm                Conj/Ice       0%         3d5       94%         3
 Flame Wave               Conj/Fire      0%         2d4       100%        4
 Summon Cactus Giant      Summ           0%         N/A       100%        6


Dungeon Overview and Level Annotations

Branches:
Dungeon (11/15)            Temple (1/1) D:5             Orc (0/2) D:11
Ossuary (visited)          Bailey (visited)
   Lair: D:8-11

Altars:
Ashenzari
Cheibriados
Dithmenos
Elyvilon
Fedhas
Gozag
Hepliaklqana
Kikubaaqudgha
Makhleb
Nemelex Xobeh
Okawaru
Qazlal
Ru
Sif Muna
Trog
Uskayaw
Vehumet
Wu Jian
Xom
Yredelemnul
The Shining One

Shops:
D:8 ?


Innate Abilities, Weirdness & Mutations

You are a hulking beast.
Your limbs bulge with bestial killing power. (Slay +2)
Your spellcasting is much less encumbered by armour.
You can use scrolls of enchantment on lesser artefacts.
You are agile. (Dex +4, Str/Int -1)
Your flesh is cold resistant. (rC+)
You have an increased reservoir of magic. (+10% MP)


Message History

There is a large open door here.
As you open the door, it creaks loudly!
A deep elf zephyrmancer comes into view.
It is wielding a +0 long sword of flaming.
The deep elf zephyrmancer shouts!
You hear a shout!
Found two embroidered hats.
The deep elf zephyrmancer misses you.
A deep elf zephyrmancer opens the door.
Found two books of Minor Magic.
There is an open door here.
You slash the deep elf zephyrmancer!
The deep elf zephyrmancer is moderately wounded.
The deep elf zephyrmancer hits you but does no damage.
You slice the deep elf zephyrmancer!!
The deep elf zephyrmancer is almost dead.
You completely miss the deep elf zephyrmancer.
The deep elf zephyrmancer is almost dead.
The deep elf zephyrmancer gestures wildly while chanting.
The deep elf zephyrmancer blinks!
The deep elf zephyrmancer casts a spell at you.
The bolt of lightning misses you. The bolt of lightning hits you!!
Things that are here:
a +1 hat; a +2 hat; a +0 robe The deep elf zephyrmancer hits you with a +0 long sword of flaming.
The deep elf zephyrmancer burns you.
There is an open door here.
You hit the deep elf zephyrmancer.
The deep elf zephyrmancer is lightly wounded.
You closely miss the deep elf zephyrmancer.
The deep elf zephyrmancer points at you and mumbles some strange words.
The bolt of lightning misses you.
The deep elf zephyrmancer hits you with a +0 short sword.
You slash the deep elf zephyrmancer!
The deep elf zephyrmancer is moderately wounded.
You hit the deep elf zephyrmancer.
The deep elf zephyrmancer points at you and mumbles some strange words.
The bolt of lightning hits you!!
The deep elf zephyrmancer points at you and mumbles some strange words.
The bolt of lightning hits you!!
* * * LOW HITPOINT WARNING * * *
The bolt of lightning hits you!!
You die...

########''######.....
###......### ....
#.'.○....'.# ...
###......### ..
###......### .
#.'.○....'.#
###......###
####'e#### #::'.eh[[#
##########


You could see 2 deep elf zephyrmancers.

Vanquished Creatures
  Urug (D:10)
  2 manticores (D:11)
  2 unseen horrors (D:10)
  Maggie (D:6)
  3 yaks (D:9)
  A vampire (D:9)
  A wyvern (D:10)
  Eustachio (D:4)
  Grum (D:8)
  A steam dragon (D:10)
  A warg (D:11)
  2 water moccasins
  A swamp drake (D:11)
  An ice beast (D:8)
  9 orc warriors
  A black bear (D:6)
  A sky beast (D:7)
  4 wolves (D:8)
  6 ogres (D:9)
  13 centaurs
  2 phantoms
  A kobold brigand (D:7)
  2 bullfrogs
  3 elf zombies (Ossuary)
  A gnoll sergeant (D:10)
  2 scorpions
  5 wights (D:8)
  10 howler monkeys
  A crimson imp (D:11)
  A centaur zombie (Ossuary)
  3 quasits (D:8)
  4 hounds
  A bombardier beetle (D:6)
  4 jellies
  3 human zombies (Ossuary)
  A gnoll bouda (D:8)
  9 orc priests
  Terence (D:3)
  2 iguanas
  An iron imp (D:11)
  19 orc wizards
  2 crocodile zombies (Ossuary)
  2 spectral hounds (Ossuary)
  4 mummies (Ossuary)
  12 gnolls
  14 adders
  3 hound simulacra (Ossuary)
  3 shadow imps
  3 white imps
  4 ufetubi (D:5)
  5 spectral adders (Ossuary)
  3 spectral gnolls (Ossuary)
  3 ribbon worms
  2 adder simulacra (Ossuary)
  3 dart slugs
  56 orcs
  8 endoplasms
  2 giant cockroaches
  4 gnoll zombies (Ossuary)
  8 goblins
  3 hobgoblins
  3 jackals (D:1)
  A quokka (D:1)
  7 ball pythons
  4 bats
  4 frilled lizards
  A gnoll simulacrum (Ossuary)
  4 jackal simulacra (Ossuary)
  6 kobolds
  7 kobold zombies (Ossuary)
  5 orc zombies (Ossuary)
  A spectral jackal (Ossuary)
316 creatures vanquished.

Vanquished Creatures (collateral kills)
  A wraith (D:11)
  A warg (D:11)
  An orc warrior (Bailey)
  A centaur (Bailey)
  An orc priest (D:11)
  2 orcs (D:11)
7 creatures vanquished.

Vanquished Creatures (others)
  The ghost of 1lSu2w the Zephyrmancer, a novice OnAE (D:8)
  A quasit (D:8)
  An orc (Bailey)
3 creatures vanquished.

Grand Total: 326 creatures vanquished

Notes
Turn   | Place    | Note
-------+----------+-------------------------------------------
     0 | D:1      | RESIDENTGAMER the Mountain Dwarf Fighter began the quest
                  | for the Orb.
     0 | D:1      | Reached XP level 1. HP: 19/19 MP: 1/1
   308 | D:1      | Reached XP level 2. HP: 16/26 MP: 2/2
   413 | D:1      | Reached skill level 3 in Axes
   537 | D:2      | Reached XP level 3. HP: 31/31 MP: 3/3
   841 | D:3      | Noticed Terence
   846 | D:3      | Killed Terence
   847 | D:3      | Reached XP level 4. HP: 28/38 MP: 4/4
  1472 | D:4      | Found a hazy altar of Hepliaklqana.
  1541 | D:4      | Noticed Eustachio
  1548 | D:4      | Reached XP level 5. HP: 45/45 MP: 5/5
  1553 | D:4      | Reached skill level 5 in Armour
  1580 | D:4      | Killed Eustachio
  1581 | D:4      | Reached skill level 5 in Axes
  1581 | D:4      | Reached XP level 6. HP: 52/52 MP: 6/6
  2001 | D:5      | Entered Level 5 of the Dungeon
  2118 | D:5      | Reached skill level 6 in Axes
  2202 | D:5      | Reached XP level 7. HP: 58/58 MP: 7/7
  2345 | D:5      | Found a staircase to the Ecumenical Temple.
  2551 | Temple   | Entered the Ecumenical Temple
  2831 | Temple   | Became a worshipper of Trog the Wrathful
  3079 | D:6      | Reached skill level 1 in Dodging
  3088 | D:6      | Found a sand-covered staircase.
  3094 | Ossuary  | Entered an ossuary
  3104 | Ossuary  | Reached skill level 7 in Axes
  3203 | Ossuary  | Reached * piety under Trog
  3211 | Ossuary  | Reached skill level 1 in Shapeshifting
  3326 | Ossuary  | Reached XP level 8. HP: 36/67 MP: 8/8
  3438 | Ossuary  | Reached skill level 5 in Fighting
  3465 | Ossuary  | Reached skill level 8 in Axes
  3468 | Ossuary  | Reached ** piety under Trog
  3730 | D:6      | Gained mutation: You sometimes lose your temper in combat.
                  | [potion of mutation]
  3786 | D:6      | Reached skill level 9 in Axes
  3963 | D:6      | Noticed Maggie
  3980 | D:6      | Killed Maggie
  4128 | D:6      | Reached XP level 9. HP: 75/75 MP: 9/9
  4172 | D:6      | Reached skill level 10 in Axes
  4391 | D:7      | Found a snail-covered altar of Cheibriados.
  4609 | D:7      | Identified the +3 halberd of Linearity {heavy, Int+2}
  4624 | D:7      | Reached skill level 1 in Evocations
  4737 | D:7      | Lost mutation: You sometimes lose your temper in combat.
                  | [potion of mutation]
  4737 | D:7      | Gained mutation: Your flesh is cold resistant. (rC+)
                  | [potion of mutation]
  4737 | D:7      | Gained mutation: You have an increased reservoir of magic.
                  | (+10% MP) [potion of mutation]
  4737 | D:7      | Gained mutation: You are agile. (Dex +4, Str/Int -1)
                  | [potion of mutation]
  4901 | D:8      | Reached skill level 11 in Axes
  5143 | D:8      | Found Coapojur's Magic Scroll Shop.
  5169 | D:8      | Bought a scroll of identify for 22 gold pieces
  5292 | D:8      | Reached *** piety under Trog
  5370 | D:8      | Found a transporter.
  5373 | D:8      | Noticed 1lSu2w's ghost (novice OnAE)
  5419 | D:8      | Found a transporter.
  5465 | D:8      | Killed 1lSu2w's ghost
  5466 | D:8      | Reached skill level 12 in Axes
  5520 | D:8      | Noticed Grum
  5534 | D:8      | Reached XP level 10. HP: 84/84 MP: 11/11
  5539 | D:8      | Reached skill level 5 in Shields
  5550 | D:8      | Killed Grum
  5731 | D:8      | Identified the +0 leather armour of Xuylor {Int+4}
  6083 | D:9      | Found a blossoming altar of Fedhas.
  6173 | D:9      | Reached skill level 13 in Axes
  6498 | D:9      | Found a broken altar of Ashenzari.
  6824 | D:10     | Entered Level 10 of the Dungeon
  6940 | D:10     | Reached **** piety under Trog
  7158 | D:10     | Found a flagged portal.
  7160 | D:10     | Noticed Urug
  7178 | D:10     | Killed Urug
  7206 | D:10     | Reached XP level 11. HP: 95/95 MP: 12/12
  7407 | Bailey   | Entered a bailey
  7534 | Bailey   | Reached ***** piety under Trog
  7698 | Bailey   | Reached skill level 14 in Axes
  8035 | D:11     | Found a staircase to the Orcish Mines.
  8338 | D:11     | Noticed a deep elf zephyrmancer
  8340 | D:11     | Noticed a deep elf zephyrmancer
  8346 | D:11     | Killed from afar by a deep elf zephyrmancer

Illustrated notes

Levels and vault maps discovered:
D:1:      amcnicky_arrival_single_pillar, layout_loops_cross,
          minmay_misc_feat_chi, chequers_mini_garden, corexii_leaking_fountain,
          chequers_serial_rivers_room_b, minivault_14, glass_columns_a
D:2:      layout_rooms
D:3:      layout_loops_ring, uniq_terence
D:4:      layout_rooms, mainiacjoe_overflow_small_starburst,
          amcnicky_mini_corridor_feature, nicolae_kite_square_tiling_tiny,
          uniq_eustachio
D:5:      layout_basic, minmay_temple_entry_arrows
D:6:      layout_basic, lightli_ossuary_entry_decrepit_ruins, uniq_maggie
D:7:      layout_loops_ring, mainiacjoe_overflow_catwalk,
          kb_lookout_dungeons_type
D:8:      layout_loops_corners, serial_shops, shop, gammafunk_ghost_stat_death,
          minmay_stone_trees_medium, uniq_grum
D:9:      lemuel_ogre_cave, layout_basic, evilmike_ruin_ashenzari,
          fedhas_ov_isle_minmay
D:10:     layout_big_octagon, zin_treasury, lair_entry_dummy, enter_bailey_5,
          kennysheep_generic_room_11, uniq_urug
D:11:     layout_basic, erik_orc_4, ebering_ghost_disaster_area,
          hangedman_minor_magic
Temple:   minmay_crystal_spiral_temple

Skill      XL: |  1  2  3  4  5  6  7  8  9 10 11 |
---------------+----------------------------------+-----
Axes           | 3 5 6 7 9 12 13 14 | 14.3
Armour         | 4 5 6 7 8 |  8.6
Shields        | 4 5 6 |  6.2
Fighting       | 4 6 8 9 |  9.2
Dodging        | 1 2 3 |  3.0
Shapeshifting  | 1 2 3 4 |  4.5
Evocations     | 1 |  1.4
Stealth        | |  0.8

Action                     |  1- 3 |  4- 6 |  7- 9 | 10-12 || total
---------------------------+-------+-------+-------+-------++-------
  Melee: War axe           |    87 |   145 |   439 |   367 ||  1038
  Throw: Stone             |     3 |     3 |     3 |       ||     9
 Invoke: Trog's Hand       |       |       |     3 |     3 ||     6
         Brothers in Arms  |       |       |       |     2 ||     2
  Evoke: Wand              |       |       |     1 |       ||     1
    Use: Potion            |     4 |     5 |     5 |     6 ||    20
         Scroll            |     1 |     5 |     5 |     6 ||    17
 Armour: Scale mail        |    87 |    26 |       |       ||   113
         Chain mail        |       |   100 |   478 |   359 ||   937
         Skin              |       |       |       |     5 ||     5
  Dodge: Dodged            |    40 |    71 |   211 |   307 ||   629
  Block: Buckler           |    22 |    44 |   100 |   152 ||   318
   Form: Beast             |       |       |     1 |       ||     1

Table legend: (Time is in decaauts)
 A = Elapsed time spent in this place.
 B = Non-inter-level travel time spent in this place.
 C = Inter-level travel time spent in this place.
 D = Time resting spent in this place.
 E = Time spent auto-exploring this place.
 F = Levels seen in this place.
 G = Mean time per level.
                   A        B        C        D        E       F      G
               +--------+--------+--------+--------+--------+-----+--------+
         Total |   8459 |   2946 |   5513 |      0 |     63 |  14 |  604.2 |
       Dungeon |   7071 |   1912 |   5159 |      0 |     63 |  11 |  642.8 |
        Temple |    367 |     13 |    354 |      0 |      0 |   1 |  367.0 |
       Ossuary |    469 |    469 |      0 |      0 |      0 |   1 |  469.0 |
        Bailey |    550 |    550 |      0 |      0 |      0 |   1 |  550.0 |
               +--------+--------+--------+--------+--------+-----+--------+

Top non-repeatable levels by time:
     D:8: 1185 daAuts
     D:6: 856 daAuts
     D:9: 735 daAuts
     D:5: 718 daAuts
     D:3: 643 daAuts
    D:10: 613 daAuts
     D:4: 565 daAuts
  Bailey: 550 daAuts
     D:7: 542 daAuts
     D:1: 496 daAuts
 Ossuary: 469 daAuts
     D:2: 382 daAuts
  Temple: 367 daAuts
    D:11: 333 daAuts
